Cogmind - Beta 14 @@@ ROGUE MODE // 2024.08.11 @ 15:49:54 Player: Rosa Result: Self-destructed Performance ------------- Evolutions (1) 500 Regions Visited (3) 600 Robots Destroyed (17) 85 Value Destroyed (238) 238 Prototype IDs (0) 0 Alien Tech Used (0) 0 Bonus (0) 0 TOTAL SCORE: 1423 Bonus ------- None Cogmind --------- Core Integrity 368/400 Matter 300/300 Energy 250/250 System Corruption 0% Temperature Cool (14) Movement Treading (160) Location -9/Materials Parts ------- > --- POWER (1) -------- Ion Engine > --- PROPULSION (4) --- Light Treads Light Treads Compact Wheel Flight Unit > --- UTILITY (2) ------ Large Storage Unit Tractor Beam > --- WEAPON (2) ------- Small Laser Light Assault Rifle > --- INVENTORY (15) --- Ion Engine Ion Engine Light Ion Engine Flight Unit Flight Unit Flight Unit Particle Gun Light Assault Rifle Peak State ------------ > --- POWER ------------ Ion Engine > --- PROPULSION ------- Flight Unit Flight Unit Flight Unit Flight Unit > --- UTILITY ---------- Large Storage Unit Tractor Beam > --- WEAPON ----------- Particle Gun Light Assault Rifle > --- INVENTORY -------- Ion Engine Light Treads Light Treads Wheel Compact Wheel Small Laser [Rating: 10] Favorites ----------- Power Ion Engine Engine Ion Engine Propulsion Compact Wheel Treads Light Treads Wheel Compact Wheel Flight Unit Flight Unit Utility Large Storage Unit Device Tractor Beam Storage Large Storage Unit Weapon Assault Rifle Energy Gun EM Pulse Gun Ballistic Gun Assault Rifle Build | -11 -10 -10 -9 ------- Run | Yrd Mat Min Mat Slots Evolved 2 | . . . 2 Power . | . . . . Propulsion 2 | . . . 2 Utility . | . . . . Weapon . | . . . . Parts Attached 27 | 6 6 2 13 Power 2 | 1 . . 1 Engine 2 | 1 . . 1 Core . | . . . . Reactor . | . . . . Propulsion 13 | 2 2 . 9 Treads 4 | 2 . . 2 Leg . | . . . . Wheel 4 | . 2 . 2 Hover . | . . . . Flight 5 | . . . 5 Utility 6 | 1 4 . 1 Device 2 | . 1 . 1 Storage 4 | 1 3 . . Processor . | . . . . Hackware . | . . . . Protection . | . . . . Artifact . | . . . . Weapon 6 | 2 . 2 2 Energy Gun 3 | 1 . 1 1 Energy Cannon . | . . . . Ballistic Gun 3 | 1 . 1 1 Ballistic Cannon . | . . . . Launcher . | . . . . Special Weapon . | . . . . Impact Weapon . | . . . . Slashing Weapon . | . . . . Piercing Weapon . | . . . . Special Melee Weapon . | . . . . Unidentified Prototypes . | . . . . Parts Lost 2 | . . 1 1 Power . | . . . . Propulsion 1 | . . . 1 Utility . | . . . . Weapon 1 | . . 1 . Highest Loss Streak 1 | . . 1 1 To Critical Strikes . | . . . . Average Slot Usage (%) 90 | . 98 99 75 Engine 12 | . 14 14 11 Treads 5 | . . . 16 Wheel 20 | . 28 28 7 Flight 1 | . . . 4 Device 10 | . 11 14 5 Storage 13 | . 14 14 11 Energy Gun 11 | . 14 11 8 Ballistic Gun 13 | . 14 15 11 Peak Build Rating 10 | 6 7 8 10 Average Rating 6 | 4 6 6 7 On Entrance 5 | . 6 7 8 Naked Turns . | . . . . Heaviest Build 39 | 14 39 30 30 Greatest Support 40 | 40 26 26 40 Greatest Overweight (x) 2 | 2 1 1 1 Average Overweight (x) . | . . 1 . Largest Inventory Capacity 15 | 8 15 15 15 Average Capacity 13 | 7 14 15 15 Most Carried 11 | 4 8 9 11 Average Carried 6 | 2 6 8 8 Final Capacity 15 | 8 15 15 15 Final Carried 8 | 4 6 8 8 Class Distribution -------------------- 100% | Mutant Dominant Class ---------------- Mutant | -10/Materials Mutant | -10/Mines Mutant | -9/Materials Resources | -11 -10 -10 -9 ----------- Run | Yrd Mat Min Mat Matter Collected 604 | 197 162 88 157 Remotely 346 | . 162 88 96 Salvage Created 601 | . 294 140 167 Parts 40 | . 14 9 17 Haulers Intercepted 1 | . . . 1 Recyclers Shooed 3 | . 2 . 1 Parts Field Recycled . | . . . . Retrieved Matter . | . . . . Parts Self-Destructed . | . . . . Prevented . | . . . . Kills | -11 -10 -10 -9 ------- Run | Yrd Mat Min Mat Combat Hostiles Destroyed 10 | . 1 5 4 Guns 10 | . 1 5 4 Classes Destroyed 6 | . 3 1 2 Worker 1 | . . . 1 Hauler 1 | . . . 1 Recycler 3 | . 3 . . Watcher 2 | . 1 . 1 Swarmer 7 | . 1 3 3 Grunt 3 | . . 2 1 Best Kill Streak 5 | . 4 3 5 Combat Bots Only 3 | . 1 3 3 Max Kills in Single Turn 1 | . 1 1 1 Gunslinging . | . . . . Exploded . | . . . . Melee . | . . . . Uniques/NPCs Destroyed . | . . . . Combat | -11 -10 -10 -9 -------- Run | Yrd Mat Min Mat Hostile Shots Fired 79 | . 5 43 31 Missed 16 | . . 9 7 Damage Taken 606 | . 37 356 213 Core 151 | . 13 106 32 Absorbed by Shields . | . . . . Core Remaining (%) 76 | 100 . 52 . Volleys Fired 67 | . 13 22 32 Largest 2 | . 2 2 2 Hottest 60 | . 60 60 60 Shots Fired 117 | . 26 41 50 Gun 117 | . 26 41 50 Cannon . | . . . . Launcher . | . . . . Special . | . . . . Kinetic 74 | . 13 29 32 Thermal 18 | . . . 18 Explosive . | . . . . Electromagnetic 25 | . 13 12 . Robot Hit Streak 10 | . 8 10 7 Robot Miss Streak 4 | . 2 3 4 Penetration Max . | . . . . Secondary Targets 2 | . . 2 . Max Gunslinging Chain 1 | . . 1 . Shots Hit Robots 74 | . 17 26 31 Core Hits 29 | . 9 8 12 Critical Kills . | . . . . Critical Parts Destroyed . | . . . . Critical Strikes . | . . . . Melee Attacks . | . . . . Impact . | . . . . Slashing . | . . . . Piercing . | . . . . Sneak Attacks . | . . . . Combat Hostiles . | . . . . Follow-up Attacks . | . . . . Damage Inflicted 797 | . 213 285 299 Guns 797 | . 213 285 299 Cannons . | . . . . Explosions . | . . . . Melee . | . . . . Ramming . | . . . . Kinetic 466 | . 81 221 164 Thermal 135 | . . . 135 Explosive . | . . . . Electromagnetic 196 | . 132 64 . Impact . | . . . . Slashing . | . . . . Piercing . | . . . . Highest Corruption . | . . . . Average Corruption . | . . . . Corruption Purged . | . . . . Corruption Blocked . | . . . . Overload Shots . | . . . . Overflow Damage . | . . . . Projectiles . | . . . . Explosions . | . . . . Melee . | . . . . Knockbacks . | . . . . Impact . | . . . . Kinetic . | . . . . Secondary . | . . . . Self-Inflicted Damage . | . . . . Shots . | . . . . Rammed . | . . . . Targets Rammed . | . . . . Kicked . | . . . . Crushed . | . . . . Highest Temperature 60 | . . 60 28 Average Temperature 18 | . . 29 11 Received Heat Transfer 165 | . . 141 24 Siege Activations . | . . . . Robots Corrupted . | . . . . Combat Hostiles . | . . . . Parts Fried . | . . . . Impact Corruptions . | . . . . Robots Melted . | . . . . Combat Hostiles . | . . . . Parts Melted . | . . . . Heat Transferred 300 | . . . 300 Parts Sabotaged . | . . . . Parts Stolen . | . . . . Parts Stripped . | . . . . Power Chain Reactions . | . . . . Alert | -11 -10 -10 -9 ------- Run | Yrd Mat Min Mat Peak Influence 186 | . 72 137 186 Initial 53 | . . 27 53 Average 66 | . 39 95 99 Maximum Alert Level . | . . . . Low Security (%) 100 | 100 100 100 100 Level 1 . | . . . . Level 2 . | . . . . Level 3 . | . . . . Level 4 . | . . . . Level 5 . | . . . . High Security . | . . . . Max Security . | . . . . Squads Dispatched . | . . . . Investigation . | . . . . Extermination . | . . . . Reinforcement . | . . . . Assault . | . . . . Garrison . | . . . . Intercept . | . . . . Searches Triggered . | . . . . Construction Impeded . | . . . . Haulers Reinforced . | . . . . Active Scanning Responses . | . . . . Cargo Convoy Interrupts . | . . . . Stealth | -11 -10 -10 -9 --------- Run | Yrd Mat Min Mat Distress Signals . | . . . . Communications Jammed . | . . . . Distress Signals . | . . . . Times Spotted 17 | . 4 5 8 Peak Tracking Total 4 | . 3 3 4 Tactical Retreats 2 | . 1 . 1 Traps | -11 -10 -10 -9 ------- Run | Yrd Mat Min Mat Traps Triggered . | . . . . Indirectly . | . . . . Trap Hack Attempts . | . . . . Triggered . | . . . . Disarmed . | . . . . Reprogrammed . | . . . . Reused . | . . . . Traps Extracted . | . . . . Installed . | . . . . Triggered . | . . . . Machines | -11 -10 -10 -9 ---------- Run | Yrd Mat Min Mat Machines Disabled . | . . . . Max in Single Turn . | . . . . Machines Repaired . | . . . . Machines Dismantled . | . . . . Machines Sabotaged . | . . . . Overloaded Fab Kills . | . . . . Hacking | -11 -10 -10 -9 --------- Run | Yrd Mat Min Mat Machines Accessed 5 | . 3 1 1 Terminals 4 | . 2 1 1 Fabricators . | . . . . Repair Stations . | . . . . Recycling Units 1 | . 1 . . Scanalyzers . | . . . . Garrison Access . | . . . . Total Hacks 12 | . 6 2 4 Successful 8 | . 4 1 3 Failed 4 | . 2 1 1 Catastrophic . | . . . . Database Lockouts . | . . . . Manual . | . . . . Terminals 10 | . 4 2 4 Fabricators . | . . . . Repair Stations . | . . . . Recycling Units 2 | . 2 . . Scanalyzers . | . . . . Garrison Access . | . . . . Terminal Hacks 7 | . 3 1 3 Record 7 | . 3 1 3 Fabricator Hacks . | . . . . Repair Station Hacks . | . . . . Recycling Unit Hacks 1 | . 1 . . Report Inventory 1 | . 1 . . Scanalyzer . | . . . . Garrison Access Hacks . | . . . . Unauthorized Hacks . | . . . . Terminals . | . . . . Fabricators . | . . . . Repair Stations . | . . . . Recycling Units . | . . . . Scanalyzers . | . . . . Garrison Access . | . . . . Data Cores Recovered . | . . . . Used . | . . . . Hacking Detections 2 | . 1 1 . Full Trace Events . | . . . . Feedback Events . | . . . . Feedback Blocked . | . . . . Robot Schematics Acquired . | . . . . Robots Built . | . . . . Authchips . | . . . . Time . | . . . . Total Robot Build Rating . | . . . . Part Schematics Acquired . | . . . . Parts Built . | . . . . Authchips . | . . . . Time . | . . . . Total Part Build Rating . | . . . . Parts Repaired . | . . . . Time . | . . . . Parts Recycled . | . . . . Recycled Matter . | . . . . Retrieved Matter . | . . . . Retrieved Components . | . . . . Parts Scanalyzed . | . . . . Part Schematics Acquired . | . . . . Parts Damaged . | . . . . Bothacking | -11 -10 -10 -9 ------------ Run | Yrd Mat Min Mat Used RIF Installer . | . . . . Robots Hacked . | . . . . Non-combat . | . . . . Combat . | . . . . Robot Hacks Applied . | . . . . Relay Couplers Released . | . . . . Fabnet Peak Effective % . | . . . . Robots Rewired . | . . . . Allies Hacked . | . . . . Hacks Repelled . | . . . . Allies | -11 -10 -10 -9 -------- Run | Yrd Mat Min Mat Total Allies . | . . . . Largest Group . | . . . . Highest-Rated Group . | . . . . Highest-Rated Ally . | . . . . Total Orders . | . . . . Ally Attacks . | . . . . Total Damage . | . . . . Kills . | . . . . Allies Corrupted . | . . . . Allies Melted . | . . . . Intel | -11 -10 -10 -9 ------- Run | Yrd Mat Min Mat Robot Analysis Total . | . . . . Derelict Logs Recovered . | . . . . Drone Launches . | . . . . Drone Recoveries . | . . . . Exploration | -11 -10 -10 -9 ------------- Run | Yrd Mat Min Mat Turns Passed 680 | 73 244 157 206 Spaces Moved 387 | 40 179 86 82 Core 5 | 5 . . . Treads 81 | 35 . . 46 Legs . | . . . . Wheels 301 | . 179 86 36 Hover . | . . . . Flight . | . . . . Fastest Speed 50 | 50 90 105 105 Average Speed 115 | 152 102 105 135 Slowest Speed 160 | 160 105 105 160 Overloaded Moves . | . . . . Propulsion Burnouts . | . . . . Robots Hopped . | . . . . Cave-ins Triggered . | . . . . Exploration Rate (%) 15 | 3 26 25 8 Regions Visited 3 Branch Regions 1 Pre-discovered Areas . | . . . . Known Exits Taken . | . . . . Unknown Exits Taken 3 | 1 1 1 . Scrap Searched . | . . . . Spaces Dug . | . . . . Terrain Destroyed . | . . . . Melee . | . . . . Projectile . | . . . . AOE . | . . . . Terrain Rammed . | . . . . Walls Destroyed . | . . . . Machines Disabled . | . . . . Actions | -11 -10 -10 -9 --------- Run | Yrd Mat Min Mat Total 510 | 49 213 112 136 Wait 8 | . 8 . . Move 384 | 39 178 85 82 Hop . | . . . . Pick Up 11 | 4 3 3 1 Fast Attach 7 | 6 1 . . Attach 14 | . 2 1 11 Detach 10 | . 2 . 8 Swap 6 | . 3 1 2 Drop 3 | . 3 . . Fire 67 | . 13 22 32 Melee . | . . . . Ram . | . . . . Kick . | . . . . Crush . | . . . . Escape Stasis . | . . . . Rewire . | . . . . Trap . | . . . . Miscellaneous . | . . . . Route ------- -11/Scrapyard -10/Materials -10/Mines -9/Materials History --------- Turn | Location | Event 38 | -11/Scrapyard | Discovered new exit (range 16) 74 | -11/Scrapyard | Entered Materials 280 | -10/Materials | Discovered new exit (range 12) 313 | -10/Materials | Build established: Mutant 318 | -10/Materials | Entered Mines 419 | -10/Mines | Discovered new exit (range 5) 475 | -10/Mines | Entered Materials 475 | -9/Materials | Evolved 2 slots: Propulsion x2 681 | -9/Materials | Self-destructed Last Messages --------------- 00601_ R-06 Scavenger collects Sml. Matter Pod. 00604_ R-06 Scavenger collects Wheel. 00606_ Acquired 30 matter. 00609_ R-06 Scavenger collects Lgt. Ion Engine. 00614_ R-06 Scavenger collects Wheel. 00619_ S-10 Pest destroyed. 00622_ Wheel destroyed. 00632_ S-10 Pest destroyed. 00634_ R-06 Scavenger collects Flight Unit. 00637_ S-10 Pest destroyed. 00645_ W-16 Scout destroyed. 00652_ K-01 Serf collects debris. 00657_ Acquired 15 matter. 00659_ Acquired 11 matter. 00660_ Acquired 19 matter. 00660_ Acquired 18 matter. 00660_ K-01 Serf collects debris. 00669_ Acquired Lgt. Ion Engine. 00679_ A-02 Transporter destroyed. 00680_ Acquired 33 matter. Map ----- +----------------------------------------------------+ | ?????????????????????????????????????????????????? | | ?????????????????????????????????????????????????? | | ?????????????????????????????????????????????????? | | ?????????????????????????????????????????????????? | | ?????????????????????????????????????????????????? | | ?????????????????????????????????????????????????? | | ?????????????????????????????????????????????????? | | ?????????????????????????????????????????????????? | | ?????????????????????????????????????????????????? | | ?????????????????????????????????????????????????? | | ?????????????????????????????????????????????????? | | ?????????????????????????????????????????#+##????? | | ????????????????????????????????????????? ##???? | | ???????????????????????????????????????? ????? | | ???????????????????????????????????????? ????? | | ????????????????????????????????????????# ????? | | ??????????????????????????????????????#?# #????? | | ?????????????????????????????????????? ?# #???## | | ??????????????????????????????????????? # #?? | | ??????????????????????????????????????? # #? " | | ????????????????????????????????????????+ #! "" | | ????????????????????????????????????????# # ?? | | ????????????????????????????????????????# + ???? | | ????????????????????????????????????????# #????? | | ???????????????#+####+################### #????? | | ???????????# =!@]]] r ###### | | ???????????# * =[%[! | | ???????????# ######## ^################# | | ?????????????????????#* ????????????????# | | ?????????????????????# ?????????????????######## | | ?????????????????????#?????????????????????????# | | ???????????????????????????????????????????????# | | ???????????????????????????????????????????????# | | ????????????????????????????????????????######## | | ????????????????????????????????????????# # | | ????????????????????????????????????????# T # | | ????????????????????????????????????????# + | | ????????????????????????????????????????# ! # | | ????????????????????????????????????????# # | | ????????????????????????????????????????# # | | ????????????????????????????????????????########## | | ?????????????????????????????????????????????????? | | ?????????????????????????????????????????????????? | | ?????????????????????????????????????????????????? | | ?????????????????????????????????????????????????? | | ?????????????????????????????????????????????????? | | | | | | | | | +----------------------------------------------------+ Best States ------------- Heat Dissipation 28 Energy Generation 10 Energy Capacity 250 Matter Stores 300 Matter Capacity 300 Sight Range 16 Terrain Scan Density 10 Evasion (%) 42 Recoil Reduction 2 Item Schematics ----------------- None Robot Schematics ------------------ None Fabricated ------------ Nothing Alien Tech Used ----------------- None Achievements -------------- Use The Force Challenges ------------ None Game ------ Seed BeamPropulsionThrower Manual? 0 Play Time 00:09:54 Cumulative 14.0 hours Start 2024.08.11 @ 15:41:56 End 2024.08.11 @ 15:49:54 Sessions 1 Manual Loads 0 Difficulty Rogue Special Mode None Game No. 53 Rogue 51 Adventurer 0 Explorer 2 Win Type - Total 0 Types 0/0/0/0/0/0/0/0/0 Lore% 6 Gallery% 22 Achievement% 16 Wizard Run 0 Options --------- Layout 1 ASCII 0 Keyboard 1 Movement Numpad Keybinds 0 Fullscreen 1 Font 32/SmallcapsGlow Map View 50x35 Zoom Use 0% Tactical HUD 1 Map Filters NONE Filters NONE Steam 1 RUN: af0b8553-b1dc-428f-a45a-2e46459e95e9